 Dungeon Crawl Stone Soup version 0.25-a0-842-g81a31cfd23 (webtiles) character file.

Game seed: 1733673102880137868, levelgen mode: deterministic

128 Maedhros the Shield-Bearer (level 5, -5/36 HPs)
             Began as an Octopode Fighter on Apr 24, 2020.
             Killed by divine providence
             ... invoked by an orc priest
              (15 damage)
             ... on level 2 of the Dungeon.
             The game lasted 00:00:52 (2043 turns).

Maedhros the Shield-Bearer (Octopode Fighter)       Turns: 2043, Time: 00:00:53

Health: -5/36      AC:  1    Str: 16    XL:     5   Next: 12%
Magic:  5/5        EV: 12    Int: 10    God:
Gold:   66         SH:  9    Dex: 12    Spells: 4/4 levels left

rFire    . . .     SeeInvis .   a - +0 trident
rCold    . . .     Gourm    .   b - +0 kite shield
rNeg     . . .     Faith    .   (helmet restricted)
rPois    .         Spirit   .   (no amulet)
rElec    .         Reflect  .   (no ring)
rCorr    .         Harm     .   (no ring)
MR       .....                  (no ring)
Stlth    ++........             (no ring)
HPRegen  0.12/turn              (no ring)
MPRegen  0.09/turn              (no ring)
                                (no ring)
                                (no ring)

@: no status effects
A: almost no armour, stealthy swim, amphibious, 8 rings, constrict 8, camouflage
1, gelatinous body 1
a: no special abilities


You were on level 2 of the Dungeon.
You were not hungry.

You visited 1 branch of the dungeon, and saw 2 of its levels.

You collected 66 gold pieces.

Inventory:

Hand Weapons
 a - a +0 trident (weapon)
Armour
 b - a +0 kite shield (worn)
Scrolls
 e - 3 scrolls of remove curse {unknown}
 f - a scroll of teleportation {unknown}
 g - 6 scrolls of identify {unknown}
 k - a scroll of fear {unknown}
 n - a scroll of amnesia {unknown}
 o - a scroll of enchant armour {unknown}
Potions
 c - 3 potions of might
 h - 2 potions of degeneration {unknown}
 i - a potion of ambrosia {unknown}
 j - a potion of berserk rage {unknown}
 l - a potion of stabbing {unknown}
 m - a potion of lignification {unknown}
Comestibles
 d - 5 rations


   Skills:
 - Level 3.0 Fighting
 + Level 3.8 Polearms
 - Level 3.0 Dodging
 + Level 4.5 Shields


You had 4 spell levels left.
You didn't know any spells.
Your spell library was empty.

Dungeon Overview and Level Annotations

Branches:
Dungeon (2/15)

Altars:
Gozag
Kikubaaqudgha
Nemelex Xobeh


Innate Abilities, Weirdness & Mutations

You cannot wear most types of armour.
You are very stealthy in the water. (Stealth+)
You are amphibious.
You can wear up to eight rings at the same time.
You can use your tentacles to constrict eight enemies at once.
Your skin changes colour to match your surroundings (Stealth+).
Your rubbery body absorbs attacks. (AC +1, EV +1)


Message History

There are monsters nearby!
You completely miss the rat. You grab the rat. You constrict the rat.
The rat bites you.
The orc priest invokes the aid of Beogh against you.
Pain shoots through your body!
The orc wizard casts a spell.
The orc wizard seems to speed up.
You block the orc's attack.
There are monsters nearby!
You barely miss the rat.
The rat is moderately wounded.
You constrict the rat.
You kill the rat!
The orc priest mumbles some strange prayers to Beogh against you.
Beogh smites you!
* * * LOW HITPOINT WARNING * * *
You block the orc's attack. The orc wizard barely misses you.
There are monsters nearby!
The orc priest mumbles some strange prayers to Beogh against you.
Beogh smites you!
You die...

####'###### ####.
#########......##
#....
........#.......#
#....
........##......#
#....
........##......#
#....
........##......#
#....
.......†##......#
#....
......oo##......#
#....
......o.@.......#
#....
........#########
#.... ####+####
#...# #..## #.##.
#.#.. #.#.. #.'.⌠
###..


You could see an orc priest, an orc wizard and an orc.

Vanquished Creatures
  A bullfrog (D:2)
  3 adders (D:2)
  An ooze (D:2)
  2 worms (D:2)
  A dart slug (D:1)
  2 giant cockroaches (D:1)
  2 goblins
  5 hobgoblins
  A jackal (D:1)
  2 kobolds
  7 bats
  A frilled lizard (D:1)
  4 rats
32 creatures vanquished.

Notes
Turn   | Place    | Note
-------+----------+-------------------------------------------
     0 | D:1      | Maedhros the Octopode Fighter began the quest for the Orb.
     0 | D:1      | Reached XP level 1. HP: 16/16 MP: 1/1
   245 | D:1      | Reached XP level 2. HP: 21/21 MP: 2/2
   877 | D:2      | Reached XP level 3. HP: 23/26 MP: 3/3
  1418 | D:2      | Reached skill level 4 in Shields
  1418 | D:2      | Reached XP level 4. HP: 19/31 MP: 4/4
  1465 | D:2      | Noticed a bullfrog
  1670 | D:2      | Killed a bullfrog
  1670 | D:2      | Reached XP level 5. HP: 36/36 MP: 5/5
  1860 | D:2      | Found an opulent altar of Gozag.
  1861 | D:2      | Found a sparkling altar of Nemelex Xobeh.
  1976 | D:2      | Found an ancient bone altar of Kikubaaqudgha.
  2043 | D:2      | Killed from afar by an orc priest

Levels and vault maps discovered:
D:1:      dpeg_arrival_brainrot, layout_loops_corners
D:2:      layout_basic, nicolae_overflow_crystal_walls,
          grunt_temple_overflow_opulence

Skill      XL: |  1  2  3 |
---------------+----------+-----
Polearms       | 3 |  3.8
Shields        | 4 |  4.5
Fighting       | |  3.0
Dodging        | |  3.0

Action                   |  1- 3 |  4- 6 || total
-------------------------+-------+-------++-------
Melee: Trident           |    58 |    14 ||    72
       Constrict         |     9 |     2 ||    11
       Tentacles         |    10 |     1 ||    11
 Stab: Sleeping          |     7 |     2 ||     9
       Distracted        |       |     1 ||     1
  Eat: Chunk             |       |     3 ||     3
Armor: Skin              |     2 |       ||     2
Dodge: Dodged            |    10 |     5 ||    15
Block: Kite shield       |    24 |     7 ||    31

Table legend:
 A = Non-vault XP
 B = Vault XP
 C = Vault XP percentage of total XP
 D = Non-vault monster count
 E = Vault monster count
 F = Vault count percentage of total count
                 A         B        C        D         E       F
            +---------+---------+-------+---------+---------+-------
      Total |     182 |       2 |   1.1 |      31 |       1 |   3.1
            +---------+---------+-------+---------+---------+-------
        D:1 |      31 |       2 |   6.1 |      17 |       1 |   5.6
        D:2 |     151 |       0 |   0.0 |      14 |       0 |   0.0
            +---------+---------+-------+---------+---------+-------
